 Dungeon Crawl Stone Soup version 0.21.1-1-g345015fe64 (webtiles) character file.

60 Ivernyr the Charmwright (level 3, -2/28 HPs)
             Began as a Demonspawn Skald on Apr 28, 2018.
             Killed from afar by Natasha (6 damage)
             ... with a magic dart
             ... on level 2 of the Dungeon.
             The game lasted 00:03:29 (1708 turns).

Ivernyr the Charmwright (Demonspawn Skald)          Turns: 1708, Time: 00:03:29

Health: -2/28      AC:  6    Str: 11    XL:     3   Next: 80%
Magic:  1/6        EV: 12    Int: 14    God:
Gold:   102        SH:  0    Dex: 13    Spells: 1/6 levels left

rFire    . . .     SeeInvis .   a - +0 falchion
rCold    . . .     Gourm    .   (no shield)
rNeg     . . .     Faith    .   b - +0 leather armour
rPois    .         Spirit   .   (no helmet)
rElec    .         Reflect  .   (no cloak)
rCorr    .         Harm     .   (no gloves)
MR       .....                  j - +0 pair of boots
Stlth    +.........             (no amulet)
HPRegen  0.09/turn              (no ring)
MPRegen  0.10/turn              (no ring)

@: very slightly contaminated
A: thin metallic scales 1
a: no special abilities


You were on level 2 of the Dungeon.
You were hungry.

You visited 1 branch of the dungeon, and saw 2 of its levels.

You collected 102 gold pieces.

Inventory:

Hand Weapons
 a - a +0 falchion (weapon)
Armour
 b - a +0 leather armour (worn)
 j - a +0 pair of boots (worn)
Scrolls
 e - 4 scrolls of identify {unknown}
 h - a scroll of fear {unknown}
 m - a scroll of blinking {unknown}
 o - a scroll of fog {unknown}
Potions
 f - a potion of cancellation {unknown}
 g - a potion of lignification {unknown}
 i - 3 potions of degeneration {unknown}
 k - 2 potions of curing
 l - a potion of haste {unknown}
 n - a potion of mutation {unknown}
 q - 2 potions of invisibility {unknown}
Books
 c - a book of Battle

   Spells                             Type                      Level
   a - Infusion                       Charms                       1
   b - Shroud of Golubria             Charms/Translocation         2
   c - Song of Slaying                Charms                       2
   d - Spectral Weapon                Hexes/Charms                 3
   e - Regeneration                   Charms/Necromancy            3
Comestibles
 d - 7 rations
 p - a chunk of flesh


   Skills:
 + Level 2.5 Fighting
 + Level 2.3 Long Blades
 * Level 2.1 Armour
 - Level 1.7 Dodging
 - Level 2.0 Spellcasting
 + Level 3.0 Charms


You had one spell level left.
You knew the following spells:

 Your Spells              Type           Power        Failure   Level  Hunger
a - Shroud of Golubria    Chrm/Tloc      #.........   26%         2    ###....
b - Song of Slaying       Chrm           ##......     13%         2    ###....
c - Infusion              Chrm           ##..         9%          1    ##.....


Dungeon Overview and Level Annotations

Branches:
Dungeon (2/15)

Altars:
The Shining One

Annotations:
D:2 Natasha


Innate Abilities, Weirdness & Mutations

You are partially covered in thin metallic scales. (AC +2)


Message History

You hit Natasha but do no damage.
Natasha is moderately wounded.
Your shroud bends Natasha's attack away!
The white imp puffs mist at you.
You hit Natasha.
Natasha is heavily wounded.
Natasha claws you.
Your shroud falls apart!
You closely miss Natasha.
Natasha is heavily wounded.
Natasha stares at you and mumbles some strange words.
The magic dart hits you!
Natasha drinks a potion.
Natasha is healed!
You hit Natasha.
Natasha is heavily wounded.
Natasha claws you!
* * * LOW HITPOINT WARNING * * *
The white imp disappears for a moment.
Natasha casts a spell at you. The magic dart hits you!
You die...

#######.##..####.#
#..........#
##.##.######
#.##.# #.##.#
#.##.# ####.!.#.#
##..... #.#
##...#. #@#
##.....## #.#
##.......###h#
###.......$b##g#
..........!...b#
###...>....5####
#..........##
#.........##
#........##


You could see Natasha, a hobgoblin and a bat.

Vanquished Creatures
  3 worms (D:2)
  A dart slug (D:1)
  3 leopard geckos (D:1)
  4 orcs (D:2)
  A giant cockroach (D:2)
  3 goblins (D:2)
  6 hobgoblins
  2 quokkas (D:2)
  2 ball pythons
  3 bats (D:1)
  3 frilled lizards
  6 kobolds
  2 rats (D:1)
39 creatures vanquished.

Notes
Turn   | Place    | Note
-------+----------+-------------------------------------------
     0 | D:1      | Ivernyr the Demonspawn Skald began the quest for the Orb.
     0 | D:1      | Reached XP level 1. HP: 16/16 MP: 3/3
    36 | D:1      | Reached skill level 1 in Armour
    63 | D:1      | Gained mutation: You are partially covered in thin metallic scales. (AC +2) [demonic ancestry]
    63 | D:1      | Reached XP level 2. HP: 15/22 MP: 5/5
   831 | D:1      | Learned a level 2 spell: Song of Slaying
   834 | D:1      | Learned a level 2 spell: Shroud of Golubria
   935 | D:2      | Reached XP level 3. HP: 22/28 MP: 4/6
  1138 | D:2      | Reached skill level 3 in Charms
  1312 | D:2      | Found a glowing golden altar of the Shining One.
  1684 | D:2      | Noticed Natasha
  1708 | D:2      | Killed from afar by Natasha

Skill      XL: |  1  2  3 |
---------------+----------+-----
Armour         | 1 2 |  2.1
Long Blades    | 2 |  2.3
Charms         | 3 |  3.0
Fighting       | |  2.5
Dodging        | |  1.7
Spellcasting   | |  2.0

Action                   || total
-------------------------++-------
Melee: Falchion          ||   167
 Cast: Shroud of Golubri ||     6
 Stab: Sleeping          ||     1
  Eat: Chunk             ||     3
Armor: Leather armour    ||    53
Dodge: Dodged            ||   114
       Rpst.: Falchion   ||    35
